 Dungeon Sprint DCSS version 0.30-a0-824-g6c64550be9 (webtiles) character file.

Game seed: 8675757380172250582

7200000 BigDaddyOpFi the Intangible (level 27, -6/228 HPs)
             Began as a Djinni Transmuter on Feb 27, 2023.
             Was the Champion of Makhleb.
             Killed by divine providence
             ... invoked by an accursed
              (13 damage)
             ... in the Dungeon (Sprint VIII: "Arena of Blood").
             The game lasted 00:02:07 (72 turns).

BigDaddyOpFi the Intangible (Djinni Transmuter)       Turns: 72, Time: 00:02:07

Health: -6/228     AC:  4    Str:  9    XL:     27
Gold:   0          EV: 40    Int: 16    God:    Makhleb [******] SH:  0 Dex: 27

rFire   + + .      SeeInvis .    h - +∞ Axe of Woe
rCold   x . .      Faith    .    (shield currently unavailable)
rNeg    . . .      Spirit   .    a - +0 robe
rPois   ∞          Reflect  .    (no helmet)
rElec   .          Harm     .    (no cloak)
rCorr   .          Rampage  .    (no gloves)
Will    ++...      NoTele   +    (boots unavailable)
Stlth   ++++++++++               (no amulet)
HPRegen 0.58/turn                (no ring)
MPRegen 0.00/turn                (no ring)

@: forested, flying
A: sickness immunity, fire resistance 2, cold vulnerability 1, float, innate
caster, HP casting, extra vitality 1
a: Renounce Religion, Minor Destruction, Lesser Servant of Makhleb, Major
Destruction, Greater Servant of Makhleb


You were in the Dungeon.
You worshipped Makhleb.
Makhleb was exalted by your worship.
You visited 1 branch

Inventory:

Hand Weapons
 h - the +∞ Axe of Woe (weapon)
   (You found it in the Dungeon)
Armour
 a - a +0 robe (worn)
Jewellery
 i - a +30 ring of slaying
Potions
 b - a potion of lignification
 c - a potion of curing
 d - a potion of heal wounds
 e - a potion of haste
 f - a potion of berserk rage


   Skills:
 O Level 27 Fighting
 O Level 27 Short Blades
 O Level 27 Long Blades
 O Level 27 Axes
 O Level 27 Maces & Flails
 O Level 27 Polearms
 O Level 27 Staves
 O Level 27 Ranged Weapons
 O Level 27 Throwing
 O Level 27 Armour
 O Level 27 Dodging
 O Level 27 Stealth
 O Level 27 Shields
 O Level 27 Unarmed Combat
 O Level 27 Spellcasting
 O Level 27 Invocations
 O Level 27 Evocations


You knew the following spells:

 Your Spells              Type           Power      Damage    Failure   Level
a - Beastly Appendage     Tmut           100%       N/A       0%          1
b - Wereblood             Tmut           82%        N/A       0%          2
c - Spider Form           Tmut/Pois      82%        N/A       0%          3
d - Ice Form              Ice/Tmut       82%        N/A       0%          4
e - Necrotise             Necr           100%       1d9       0%          1
f - Passwall              Tmut/Erth      68%        N/A       0%          2
g - Ozocubu's Armour      Ice            82%        N/A       0%          3
h - Leda's Liquefaction   Hex/Erth       41%        N/A       0%          4
i - Summon Forest         Summ/Tloc      41%        N/A       0%          5
j - Blade Hands           Tmut           41%        N/A       0%          5
k - Death Channel         Necr           41%        N/A       0%          6
l - Simulacrum            Ice/Necr       41%        N/A       0%          6
m - Iron Shot             Conj/Erth      41%        9d8       0%          6
n - Infestation           Necr           41%        N/A       1%          8
o - Enfeeble              Hex            41%        N/A       1%          7
p - Lehudib's Crystal Sp  Conj/Erth      41%        10d10     1%          8
q - Polar Vortex          Ice            41%        N/A       2%          9
Your spell library was empty.

Dungeon Overview and Level Annotations

Branches:
Dungeon (1/1)

Altars:
Makhleb


Innate Abilities, Weirdness & Mutations

You are immune to sickness and miasma.
You are immune to poison.
Your flesh is very heat resistant. (rF++)
You are vulnerable to cold. (rC-)
You float through the air rather than walking.
You learn spells naturally, not from books.
Your magical power is your life essence.
You have superior vitality. (+4 MHP)


Message History

The destroyer blinks!
The dread is engulfed in blazing flames.
You hear a shout!
Unknown command.
You slice the meat berserker!!
You chop the meat berserker into pieces.
You kill the meat berserker!
Makhleb accepts your kill.
You feel better.
You slash the dread!
You pulverise the dread into a thin bloody mist.
You destroy the dread!
Makhleb accepts your kill.
You feel better.
You are engulfed in blazing flames.
You resist.
* * * LOW HITPOINT WARNING * * *
You hear a shout! x2
The accursed points at you and mumbles some strange words.
Something smites you!
* * * LOW HITPOINT WARNING * * *
You hear a shout!
A meat berserker comes into view. It is wielding a +9 battleaxe.
You hear a shout!
The dread calls on the powers of darkness!
The bag of meat convulses! x4; Your body is wracked with pain!
* * * LOW HITPOINT WARNING * * *
The bag of meat convulses!
You hear a shout! x3
The dread calls on the powers of darkness!
The bag of meat convulses! x2; Your body is wracked with pain!
* * * LOW HITPOINT WARNING * * *
The meat berserker convulses!
The bag of meat convulses! x2
The meat berserker convulses!
You hear a shout! x3
Unknown command.
You are engulfed in blazing flames.
You resist.
* * * LOW HITPOINT WARNING * * *
You hear a shout! x3
The bag of meat is engulfed in blazing flames.
The accursed casts a spell at you. Something smites you!
You die...

.#♣#.. ..O###♣.
♣..........♣#♣o.....
.o♣......§§§o..Oo .
#...♣...♣○)§§.# ♣.
..o..♣O♣☼.<°§♣ ...♣
...W..♣)))♣§♣
.....#oo..♣W.._......
♣....§)))....#♣♣......
....zMo@###.. ...♣#♣..
.....♣☼○).♣.. ...# .
.O....V♣..♣o. ...#
.#........O.♣ .....
#.♣.♣♣.......
.♣.♣....O......
#.#.#...♣......
.♣.#.....#....♣


You could see an accursed, a destroyer, a sculptor of flesh, a large bag of meat
(inner flame), 2 dreads, 3 meat berserkers and 5 bags of meat.

Vanquished Creatures
  2 hell beasts (D)
  2 wraiths (D)
  15 vampire knights (D)
  33 ogres (D)
  7 two-headed ogres (D)
  A lich (D)
  66 orcs (D)
  4 skeletal warriors (D)
130 creatures vanquished.

Notes
Turn   | Place    | Note
-------+----------+-------------------------------------------
     0 | D        | Found the +∞ Axe of Woe
     0 | D        | BigDaddyOpFi the Djinni Transmuter began the quest for the
                  | Orb.
     0 | D        | BigDaddyOpFi set off with the following spells memorised:
                  | Beastly Appendage, Wereblood, Spider Form, Ice Form.
     0 | D        | Reached XP level 1. HP: 17/17 MP: 0/0
     2 | D        | Noticed a bag of meat
     2 | D        | Noticed a bag of meat
     3 | D        | Noticed a bag of meat
     4 | D        | Became a worshipper of Makhleb the Destroyer
     4 | D        | Noticed a bag of meat
     5 | D        | Noticed a bag of meat
     5 | D        | Noticed a bag of meat
     5 | D        | Noticed a bag of meat
     6 | D        | Noticed a meat berserker
     7 | D        | Killed a bag of meat
     7 | D        | Noticed a meat berserker
     8 | D        | Reached skill level 10 in Dodging
     8 | D        | Reached XP level 2. HP: 25/34 MP: 0/0
     8 | D        | Reached XP level 3. HP: 30/40 MP: 0/0
     8 | D        | Learned a level 1 spell: Necrotise
     8 | D        | Reached XP level 4. HP: 33/45 MP: 0/0
     8 | D        | Reached XP level 5. HP: 37/50 MP: 0/0
     8 | D        | Learned a level 2 spell: Passwall
     8 | D        | Reached XP level 6. HP: 42/57 MP: 0/0
     8 | D        | Reached XP level 7. HP: 45/61 MP: 0/0
     8 | D        | Learned a level 3 spell: Ozocubu's Armour
     8 | D        | Reached XP level 8. HP: 50/67 MP: 0/0
     8 | D        | Reached XP level 9. HP: 54/73 MP: 0/0
     8 | D        | Learned a level 4 spell: Leda's Liquefaction
     8 | D        | Reached XP level 10. HP: 58/78 MP: 0/0
     8 | D        | Reached XP level 11. HP: 63/84 MP: 0/0
     8 | D        | Learned a level 5 spell: Summon Forest
     8 | D        | Killed a bag of meat
     8 | D        | Reached * piety under Makhleb
     8 | D        | Killed a bag of meat
     8 | D        | Killed a meat berserker
     8 | D        | Noticed a bag of meat
     8 | D        | Noticed a meat berserker
     9 | D        | Reached skill level 10 in Spellcasting
     9 | D        | Reached XP level 12. HP: 74/98 MP: 0/0
     9 | D        | Reached XP level 13. HP: 78/103 MP: 0/0
     9 | D        | Learned a level 5 spell: Blade Hands
     9 | D        | Reached XP level 14. HP: 83/110 MP: 0/0
     9 | D        | Killed a bag of meat
     9 | D        | Reached ** piety under Makhleb
     9 | D        | Noticed a meat berserker
     9 | D        | Noticed a meat berserker
     9 | D        | Noticed a meat berserker
    10 | D        | Reached skill level 15 in Dodging
    10 | D        | Killed a meat berserker
    10 | D        | Killed a meat berserker
    10 | D        | Killed a bag of meat
    10 | D        | Reached *** piety under Makhleb
    10 | D        | Noticed a meat berserker
    10 | D        | Noticed a bag of meat
    11 | D        | Reached skill level 15 in Stealth
    11 | D        | Reached XP level 15. HP: 111/121 MP: 0/0
    11 | D        | Learned a level 6 spell: Death Channel
    11 | D        | Killed a meat berserker
    11 | D        | Noticed a meat berserker
    11 | D        | Noticed a meat berserker
    11 | D        | Noticed a meat berserker
    12 | D        | Reached XP level 16. HP: 120/130 MP: 0/0
    12 | D        | Killed a meat berserker
    12 | D        | Reached **** piety under Makhleb
    12 | D        | Killed a meat berserker
    13 | D        | Reached XP level 17. HP: 139/139 MP: 0/0
    13 | D        | Learned a level 6 spell: Simulacrum
    13 | D        | Killed a meat berserker
    14 | D        | Reached skill level 15 in Spellcasting
    14 | D        | Noticed a meat berserker
    16 | D        | Killed a meat berserker
    16 | D        | Reached ***** piety under Makhleb
    16 | D        | Killed a meat berserker
    17 | D        | Reached XP level 18. HP: 151/151 MP: 0/0
    17 | D        | Noticed a large bag of meat
    18 | D        | Killed a meat berserker
    19 | D        | Reached XP level 19. HP: 159/160 MP: 0/0
    19 | D        | Learned a level 6 spell: Iron Shot
    19 | D        | Killed a meat berserker
    19 | D        | Noticed a large bag of meat
    20 | D        | Reached ****** piety under Makhleb
    21 | D        | Reached XP level 20. HP: 171/171 MP: 0/0
    21 | D        | Noticed a meat berserker
    22 | D        | Noticed a meat berserker
    22 | D        | Noticed a meat berserker
    23 | D        | Killed a large bag of meat
    25 | D        | Reached skill level 27 in Dodging
    26 | D        | Reached XP level 21. HP: 177/183 MP: 0/0
    26 | D        | Learned a level 8 spell: Infestation
    26 | D        | Noticed a destroyer
    27 | D        | Killed a meat berserker
    28 | D        | Noticed a large bag of meat
    28 | D        | Killed a meat berserker
    28 | D        | Killed a meat berserker
    29 | D        | Reached skill level 27 in Fighting
    29 | D        | Reached skill level 27 in Armour
    29 | D        | Reached skill level 27 in Unarmed Combat
    29 | D        | Reached skill level 27 in Invocations
    29 | D        | Reached XP level 22. HP: 192/194 MP: 0/0
    30 | D        | Killed a large bag of meat
    30 | D        | Killed a destroyer
    30 | D        | Noticed a meat berserker
    31 | D        | Reached skill level 27 in Axes
    31 | D        | Reached skill level 27 in Stealth
    31 | D        | Noticed a destroyer
    33 | D        | Noticed a destroyer
    33 | D        | Noticed a meat berserker
    33 | D        | Noticed a meat berserker
    33 | D        | Noticed a destroyer
    33 | D        | Noticed a meat berserker
    33 | D        | Noticed a meat berserker
    33 | D        | Noticed a destroyer
    33 | D        | Noticed a meat berserker
    33 | D        | Noticed a destroyer
    33 | D        | Noticed a destroyer
    33 | D        | Noticed a destroyer
    34 | D        | Noticed a meat berserker
    35 | D        | Noticed a meat berserker
    36 | D        | Noticed a destroyer
    37 | D        | Killed a meat berserker
    37 | D        | Killed a meat berserker
    37 | D        | Killed a meat berserker
    38 | D        | Reached skill level 27 in Spellcasting
    38 | D        | Reached XP level 23. HP: 193/201 MP: 0/0
    38 | D        | Learned a level 7 spell: Enfeeble
    40 | D        | Reached XP level 24. HP: 208/208 MP: 0/0
    40 | D        | Killed a destroyer
    42 | D        | Reached skill level 27 in Maces & Flails
    42 | D        | Reached skill level 27 in Polearms
    42 | D        | Reached skill level 10 in Staves
    42 | D        | Killed a destroyer
    42 | D        | Noticed a large bag of meat
    42 | D        | Noticed a destroyer
    43 | D        | Reached XP level 25. HP: 214/214 MP: 0/0
    43 | D        | Learned a level 8 spell: Lehudib's Crystal Spear
    44 | D        | Reached skill level 27 in Staves
    44 | D        | Reached skill level 5 in Short Blades
    44 | D        | Reached skill level 5 in Long Blades
    44 | D        | Reached skill level 5 in Ranged Weapons
    44 | D        | Killed a destroyer
    44 | D        | Noticed a destroyer
    45 | D        | Reached skill level 10 in Short Blades
    45 | D        | Reached skill level 10 in Long Blades
    46 | D        | Reached XP level 26. HP: 221/221 MP: 0/0
    46 | D        | Noticed a large bag of meat
    47 | D        | Reached skill level 15 in Short Blades
    47 | D        | Reached skill level 15 in Long Blades
    48 | D        | Reached skill level 15 in Ranged Weapons
    48 | D        | Noticed a large bag of meat
    48 | D        | Killed a large bag of meat
    48 | D        | Noticed a destroyer
    49 | D        | Reached XP level 27. HP: 209/228 MP: 0/0
    49 | D        | Learned a level 9 spell: Polar Vortex
    49 | D        | Killed a destroyer
    50 | D        | Killed a destroyer
    50 | D        | Noticed an accursed
    51 | D        | Killed a large bag of meat
    52 | D        | Killed a destroyer
    53 | D        | Reached skill level 27 in Shields
    53 | D        | Reached skill level 27 in Evocations
    53 | D        | Noticed a tyrant
    53 | D        | Noticed a destroyer
    55 | D        | Reached skill level 27 in Short Blades
    55 | D        | Reached skill level 27 in Long Blades
    55 | D        | Killed a destroyer
    55 | D        | Killed a large bag of meat
    56 | D        | Reached skill level 27 in Ranged Weapons
    56 | D        | Reached skill level 27 in Throwing
    56 | D        | Killed a destroyer
    56 | D        | Noticed a large bag of meat
    57 | D        | Noticed a meat beast
    57 | D        | Killed a destroyer
    58 | D        | Noticed a destroyer
    58 | D        | Noticed a destroyer
    59 | D        | Killed a meat beast
    61 | D        | Killed a destroyer
    62 | D        | Killed a destroyer
    63 | D        | Killed a destroyer
    63 | D        | Killed a tyrant
    63 | D        | Killed a large bag of meat
    63 | D        | Noticed a meat beast
    64 | D        | Noticed a destroyer
    65 | D        | Killed a destroyer
    65 | D        | Killed a destroyer
    66 | D        | Noticed a dread
    66 | D        | Noticed a dread
    67 | D        | Killed a meat beast
    67 | D        | Killed a large bag of meat
    67 | D        | Noticed a large bag of meat
    68 | D        | Noticed a dread
    68 | D        | Noticed a dread
    68 | D        | Killed a dread
    70 | D        | HP: 5/228 [something (8)]
    71 | D        | Killed a dread
    72 | D        | Killed from afar by an accursed

Illustrated notes

Levels and vault maps discovered:
D:        meatsprint

Skill      XL: |  1  2  3  4  5  6  7  8  9 10 11 12 13 14 15 16 17 18 19 20 21 22 23 24 25 26 27 |
---------------+----------------------------------------------------------------------------------+-----
Fighting       | 9 13 16 17 18 20 22 23 25 27 | 27.0
Axes           | 7 11 13 14 16 17 18 20 21 24 27 | 27.0
Armour         | 9 13 16 17 18 20 21 23 25 27 | 27.0
Dodging        | 10 14 17 18 20 22 23 25 27 | 27.0
Stealth        | 8 12 15 16 17 19 20 21 23 26 27 | 27.0
Unarmed Combat | 9 13 16 17 19 21 22 23 25 27 | 27.0
Spellcasting   | 7 10 12 13 14 16 17 18 20 22 27 | 27.0
Invocations    | 9 13 16 17 18 20 22 23 25 27 | 27.0
Maces & Flails | 17 23 27 | 27.0
Polearms       | 17 23 27 | 27.0
Staves         | 26 27 | 27.0
Short Blades   | 13 20 27 | 27.0
Long Blades    | 13 20 27 | 27.0
Ranged Weapons | 12 18 27 | 27.0
Shields        | 14 21 27 | 27.0
Evocations     | 14 21 27 | 27.0
Throwing       | 11 18 27 | 27.0

Action                     |  1- 3 |  4- 6 |  7- 9 | 10-12 | 13-15 | 16-18 | 19-21 | 22-24 | 25-27 || total
---------------------------+-------+-------+-------+-------+-------+-------+-------+-------+-------++-------
  Melee: Executioner's axe |     1 |       |       |     1 |     3 |     5 |    10 |     7 |    24 ||    51
   Cast: Summon Forest     |       |       |       |       |       |     1 |       |       |     1 ||     2
         Spider Form       |       |       |       |       |       |       |       |     2 |     1 ||     3
Ability: End Transformatio |       |       |       |       |       |       |       |     1 |     1 ||     2
    Use: Scroll            |       |       |       |       |       |       |       |     1 |       ||     1
  Dodge: Dodged            |       |       |       |       |       |     1 |       |     2 |     2 ||     5

Table legend: (Time is in decaauts)
 A = Elapsed time spent in this place.
 B = Non-inter-level travel time spent in this place.
 C = Inter-level travel time spent in this place.
 D = Time resting spent in this place.
 E = Time spent auto-exploring this place.
 F = Levels seen in this place.
 G = Mean time per level.
                   A        B        C        D        E       F      G
               +--------+--------+--------+--------+--------+-----+--------+
         Total |     63 |     63 |      0 |      0 |      0 |   1 |   63.0 |
       Dungeon |     63 |     63 |      0 |      0 |      0 |   1 |   63.0 |
               +--------+--------+--------+--------+--------+-----+--------+

Top non-repeatable levels by time:
       D: 63 daAuts
